 Dungeon Sprint DCSS version 0.27-a0-1139-g28e009f8a6 (webtiles) character file.

Game seed: 11799715576247817348

30 Zeld the Fighter (level 6, -5/51 HPs)
             Began as an Octopode Fighter on May 7, 2021.
             Was a Believer of Makhleb.
             Slain by a merfolk
             ... wielding a +0 trident
              (10 damage)
             ... in the Dungeon (Sprint VI: "Thunderdome").
             The game lasted 00:03:47 (341 turns).

Zeld the Fighter (Octopode Fighter)                  Turns: 341, Time: 00:03:47

Health: -5/51      AC:  1    Str: 17    XL:     6   Next: 52%
Magic:  6/6        EV: 12    Int: 10    God:    Makhleb [**....]
Gold:   45         SH: 11    Dex: 12    Spells: 5/5 levels left

rFire    . . .     SeeInvis .   a - +1 war axe
rCold    . . .     Faith    .   b - +0 kite shield
rNeg     . . .     Spirit   .   (helmet restricted)
rPois    .         Reflect  .   (no amulet)
rElec    .         Harm     .   (no ring)
rCorr    .         Rampage  .   (no ring)
Will     .....     NoTele   +   (no ring)
Stlth    ++........             (no ring)
HPRegen  0.17/turn              (no ring)
MPRegen  0.10/turn              (no ring)
                                (no ring)
                                (no ring)

@: no status effects
A: almost no armour, amphibious, 8 rings, camouflage 1, gelatinous body 1,
(nimble swimmer 1), tentacles
a: Renounce Religion, Minor Destruction


You were in the Dungeon.
You worshipped Makhleb.
Makhleb was pleased with you.
You visited 1 branch You collected 240 gold pieces.
You spent 195 gold pieces at shops.

Inventory:

Hand Weapons
 a - a +1 war axe (weapon)
Armour
 b - a +0 kite shield (worn)
Wands
 k - a wand of acid (5)
 l - a wand of iceblast (3)
Scrolls
 i - 4 scrolls of blinking
 m - 3 scrolls of fog
 n - a scroll of identify
Potions
 f - 4 potions of haste
 g - 2 potions of magic
 j - a potion of resistance


   Skills:
 * Level 8.3 Fighting
 * Level 7.9 Axes
 - Level 3.0 Dodging
 * Level 8.3 Shields


You had 5 spell levels left.
You didn't know any spells.
Your spell library was empty.

Dungeon Overview and Level Annotations

Branches:
Dungeon (1/1)

Altars:
Cheibriados
Dithmenos
Fedhas
Gozag
Kikubaaqudgha
Makhleb
Okawaru
Qazlal
Ru
Sif Muna
Trog
Uskayaw
Vehumet
Wu Jian
Xom
Yredelemnul
Zin
The Shining One
Beogh
Jiyva
Lugonu

Shops:
D *[??*?*:[((!!!!


Innate Abilities, Weirdness & Mutations

You cannot wear most types of armour.
You are amphibious.
You can wear up to eight rings at the same time.
Your skin changes colour to match your surroundings (Stealth+).
Your rubbery body absorbs attacks. (AC +1, EV +1)
((You are camouflaged near water. (Stealth+)))
You have tentacles for arms and can constrict up to eight enemies at once.


Message History

The ynoxinul hits you but does no damage.
You feel much better.
You constrict the merfolk.
The merfolk hits you with a +0 trident!!
* * * LOW HITPOINT WARNING * * *
The ynoxinul misses you.
Your hellwing hits the ynoxinul.
Your hellwing barely misses the ynoxinul.
Unknown command.
You feel much better.
You constrict the merfolk, but do no damage.
The merfolk hits you with a +0 trident!!
* * * LOW HITPOINT WARNING * * *
The ynoxinul barely misses you.
Your hellwing hits the ynoxinul!
Your hellwing hits the ynoxinul but does no damage.
Unknown command.
Okay, then.
Unknown command.
What are your orders? t - Shout!
Orders for allies: a - Attack new target. r - Retreat! s - Stop attacking. g - Guard the area. f - Follow me.
Anything else - Cancel.
Gang up on whom?
Press: ? - help, Dir - move target, f - merfolk
Aim: a merfolk, wielding a +0 trident and quivering boomerangs (lightly wounded, constricted by you) Attack!
You constrict the merfolk. You block the merfolk's attack.
The ynoxinul gestures.
Unknown command.
Unknown command.
Unknown command.
You feel much better.
You constrict the merfolk.
The merfolk hits you with a +0 trident!!
* * * LOW HITPOINT WARNING * * *
You block the ufetubus's attack. The ufetubus hits you.
* * * LOW HITPOINT WARNING * * *
You block the ynoxinul's attack.
Your hellwing hits the merfolk. x2
Unknown command.
You release your grip on the merfolk.
The merfolk hits you from afar with a +0 trident!
You die...

.....###......___∩##
...8.# #.8....)...∩###
.....###.............##
..###...###..........⌠#
..# #.<.# #..........⌠#
..###...###..........⌠#
.....###.......54m...##
...8.# #.8.....†35∩###
.....###......_.@∩##
.8.........8.######
⌠.......m...§#
##.........###
#_......†_# #_......._#
#_......._# #∩.......∩#
##∩.S...∩##


You could see a merfolk (ally target), a ynoxinul (summoned), 2 ufetubi and a
friendly hellwing (summoned).

Vanquished Creatures
  2 water moccasins (D)
  A centaur (D)
  6 adders (D)
  2 ball pythons (D)
11 creatures vanquished.

Notes
Turn   | Place    | Note
-------+----------+-------------------------------------------
     0 | D        | Zeld the Octopode Fighter began the quest for the Orb.
     0 | D        | Reached XP level 1. HP: 16/16 MP: 1/1
     3 | D        | Found a glowing golden altar of the Shining One.
     3 | D        | Found an ornate altar of the Wu Jian Council.
     4 | D        | Found a hide-covered altar of Uskayaw.
     5 | D        | Found an iron altar of Okawaru.
     5 | D        | Found a basalt altar of Yredelemnul.
     5 | D        | Round 1.
     6 | D        | Found an ancient bone altar of Kikubaaqudgha.
     6 | D        | Found a glowing silver altar of Zin.
     6 | D        | Found Pextaep's Weapon Rack.
     6 | D        | Found Uruch's Premium Goods.
     7 | D        | Found Myryng's Basic Armour.
     7 | D        | Found Wuqumi's Miscellaneous Merchandise.
    23 | D        | Bought a potion of heal wounds for 100 gold pieces
    26 | D        | Found a shadowy altar of Dithmenos.
    28 | D        | Found a radiant altar of Vehumet.
    28 | D        | Found Tacuhis's Identification Station.
    28 | D        | Found Zajatt's Advanced Armour.
    29 | D        | Found Ruthrerho's Jewellery.
    34 | D        | Found a burning altar of Makhleb.
    34 | D        | Found a blossoming altar of Fedhas.
    34 | D        | Found a viscous altar of Jiyva.
    45 | D        | Became a worshipper of Makhleb the Destroyer
    48 | D        | Found a sacrificial altar of Ru.
    49 | D        | Found a bloodstained altar of Trog.
    52 | D        | Found a stormy altar of Qazlal.
    52 | D        | Found Isawyk's Magic Scroll Shop.
    52 | D        | Found Ulasi's Magic Scroll Shop.
    53 | D        | Found Yfauv's Must-Have Magic.
    58 | D        | Bought a scroll of identify for 20 gold pieces
    58 | D        | Found Ysiamou's Staff Store.
    58 | D        | Found an opulent altar of Gozag.
    58 | D        | Found a shimmering altar of Xom.
    59 | D        | Bought a scroll of enchant weapon for 75 gold pieces
    67 | D        | Reached XP level 2. HP: 19/22 MP: 2/2
    78 | D        | Reached * piety under Makhleb
    79 | D        | Reached XP level 3. HP: 8/27 MP: 3/3
    79 | D        | Found a shimmering blue altar of Sif Muna.
    81 | D        | Found a corrupted altar of Lugonu.
    81 | D        | Found Tenn's Distillery.
    81 | D        | Found Ohavof's Distillery.
    82 | D        | Found Sulinoku's Bottled Wisdom.
    82 | D        | Noticed a water moccasin
    97 | D        | Killed a water moccasin
    98 | D        | Reached skill level 5 in Axes
    98 | D        | Reached XP level 4. HP: 6/36 MP: 4/4
    98 | D        | Reached XP level 5. HP: 8/42 MP: 5/5
   100 | D        | HP: 2/42 [poisoned by a water moccasin]
   140 | D        | Arena points: 6 (+6) [x1]
   150 | D        | Found a snail-covered altar of Cheibriados.
   150 | D        | Found Cibbir's Do-It-Yourself Clinic.
   155 | D        | Round 2.
   183 | D        | Reached ** piety under Makhleb
   212 | D        | Noticed a water moccasin
   249 | D        | Killed a water moccasin
   250 | D        | Reached XP level 6. HP: 42/49 MP: 6/6
   255 | D        | Arena points: 30 (+24) [x2]
   307 | D        | Round 3.
   324 | D        | Reached *** piety under Makhleb
   327 | D        | Noticed a merfolk
   328 | D        | Noticed a merfolk siren
   333 | D        | Noticed a ynoxinul
   341 | D        | Slain by a merfolk

Illustrated notes

Levels and vault maps discovered:
D:        arena_sprint

Skill      XL: |  1  2  3  4  5  6 |
---------------+-------------------+-----
Axes           | 3 5 7 |  7.9
Fighting       | 4 6 7 8 |  8.3
Shields        | 4 6 7 8 |  8.3
Dodging        | |  3.0

Action                   |  1- 3 |  4- 6 || total
-------------------------+-------+-------++-------
Melee: War axe           |    14 |    15 ||    29
       Constrict         |     4 |     4 ||     8
       Tentacles         |     1 |     3 ||     4
Invok: Minor Destruction |       |     4 ||     4
       Lesser Servant of |       |     2 ||     2
Evoke: Wand              |       |     2 ||     2
  Use: Potion            |     1 |     7 ||     8
       Scroll            |       |     1 ||     1
Armor: Skin              |       |     2 ||     2
Dodge: Dodged            |     7 |    15 ||    22
Block: Kite shield       |     9 |    16 ||    25

Table legend: (Time is in decaauts)
 A = Elapsed time spent in this place.
 B = Non-inter-level travel time spent in this place.
 C = Inter-level travel time spent in this place.
 D = Time resting spent in this place.
 E = Time spent auto-exploring this place.
 F = Levels seen in this place.
 G = Mean time per level.
                   A        B        C        D        E       F      G
               +--------+--------+--------+--------+--------+-----+--------+
         Total |    363 |    363 |      0 |    155 |      0 |   1 |  363.0 |
       Dungeon |    363 |    363 |      0 |    155 |      0 |   1 |  363.0 |
               +--------+--------+--------+--------+--------+-----+--------+

Top non-repeatable levels by time:
       D: 363 daAuts
